Kings vs Sabres
(R1)
Created - 29 novembre 2013 at 19:09
Goals
|
| Kings |
0 |
2 |
1 |
3 |
| Sabres |
1 |
0 |
1 |
2 |
|
Shots
|
| Kings |
7 |
12 |
9 |
28 |
| Sabres |
7 |
10 |
7 |
24 |
|
1st period
1. Sabres , Dennis Wideman 4 (Steve Downie, James Neal) at 5:05 (PP)
Penalties :
Jason Arnott (LAK) for Elbowing (Minor) at 4:17, Randy Robitaille (LAK) for Roughing (Minor) at 7:48, Todd White (Buf) for High sticking (Minor) at 10:38
2nd period
2. Kings , Jason Arnott 9 (Patrick Kane, Anze Kopitar) at 2:08
3. Kings , Anze Kopitar 8 (Derek Boogaard, Danny Richmond) at 16:31
Penalties :
Nikolai Zherdev (Buf) for High sticking (Minor) at 6:38, Niclas Bergfors (Buf) for Holding (Minor) at 18:55
3rd period
4. Sabres , Todd White 2 (Nathan Paetsch, Kyle Calder) at 2:20
5. Kings , Guillaume Latendresse 5 (Jason Arnott, Adrian Aucoin) at 19:37 (PP)
Penalties :
Steve Downie (Buf) for Slashing (Minor) at 3:46, Danny Richmond (LAK) for Tripping (Minor) at 6:37, Niclas Bergfors (Buf) for Boarding (Minor) at 6:52, Nikolai Zherdev (Buf) for High sticking (Minor) at 9:05, Darcy Tucker (Buf) for Interference (Minor) at 11:18, Ryan Hollweg (Buf) for Tripping (Minor) at 13:51, Dominic Moore (Buf) for Slashing (Minor) at 18:43
Goalie Stats
Antti Niemi (LAK), 22 saves from 24 shots - (0,917), W, 4-5-0, 60:00 minutes
Ty Conklin (Buf), 25 saves from 28 shots - (0,893), L, 4-3-1, 59:45 minutes
Players Stats for Kings
Player Name G A P +/- PIM S H SB GA TA FO MP PP MP PK MP
------------------------------------------------------------------------------------
Adrian Aucoin 0 1 1 -1 0 0 1 1 1 1 0/0 21:00 6:12 0:50
Antti Miettinen 0 0 0 0 0 1 0 0 2 0 0/0 11:17 0:49 0:52
Anze Kopitar 1 1 2 1 0 5 2 0 1 0 11/28 21:38 7:58 0:19
Brian McGrattan 0 0 0 -1 0 1 0 1 0 1 1/1 7:22 0:19 0:00
Bryan McCabe 0 0 0 1 0 0 0 0 0 1 0/0 10:39 0:00 0:00
Danny Richmond 0 1 1 -1 2 0 1 2 0 0 0/0 20:00 6:01 0:50
Derek Boogaard 0 1 1 1 0 2 2 1 0 0 2/4 21:36 7:56 1:21
Derick Brassard 0 0 0 0 0 0 1 1 0 0 6/6 9:16 0:00 0:00
Guillaume Latendresse 1 0 1 1 0 4 1 0 0 0 0/0 18:09 6:34 0:00
Jason Arnott 1 1 2 1 2 2 4 0 1 2 5/12 20:07 6:34 1:22
Jay Bouwmeester 0 0 0 1 0 0 4 1 0 0 0/0 29:21 9:02 2:12
Jeff Schultz 0 0 0 1 0 0 0 0 0 0 0/0 12:18 0:00 2:12
Jonas Hoglund 0 0 0 1 0 4 1 0 2 0 2/2 22:18 6:35 2:10
Patrick Kane 0 1 1 1 0 3 2 0 1 0 0/2 20:12 8:08 0:00
Randy Robitaille 0 0 0 -1 2 1 0 1 0 0 2/3 6:57 0:00 0:00
Ryan Malone 0 0 0 0 0 2 2 0 0 0 0/1 9:16 0:00 0:00
Sergei Gonchar 0 0 0 1 0 1 2 2 0 3 0/0 26:58 9:02 0:00
Steve Regier 0 0 0 -1 0 2 2 0 0 1 0/0 6:47 0:00 0:00
Players Stats for Sabres
Player Name G A P +/- PIM S H SB GA TA FO MP PP MP PK MP
------------------------------------------------------------------------------------
Boyd Devereaux 0 0 0 0 0 0 1 1 0 0 6/10 13:52 0:00 4:06
Daniel Cleary 0 0 0 0 0 1 2 0 1 0 1/3 17:47 0:00 8:25
Darcy Tucker 0 0 0 1 2 1 1 0 0 0 0/0 6:49 0:00 0:00
Dennis Wideman 1 0 1 -1 0 4 1 0 0 1 0/0 23:25 1:57 6:31
Dominic Moore 0 0 0 0 2 4 2 0 0 2 15/27 22:03 1:25 7:24
James Neal 0 1 1 -2 0 1 2 0 2 2 0/0 16:03 1:25 3:22
Jason Smith 0 0 0 -1 0 1 2 0 0 0 0/0 24:07 1:57 6:31
Johnny Boychuk 0 0 0 -1 0 3 1 1 0 2 0/0 24:30 1:05 8:31
Kyle Calder 0 1 1 1 0 1 1 0 0 0 0/0 8:03 0:01 0:01
Ladislav Smid 0 0 0 1 0 1 1 0 0 0 0/0 11:23 0:00 0:00
Mike Fisher 0 0 0 -2 0 1 3 1 1 0 7/16 17:07 1:37 3:59
Nathan Paetsch 0 1 1 1 0 0 3 0 0 0 0/0 11:01 0:00 0:00
Niclas Bergfors 0 0 0 0 4 2 1 1 3 0 0/1 13:47 1:36 0:00
Nikolai Zherdev 0 0 0 0 4 1 1 1 0 0 0/1 10:18 0:00 0:00
Ole-Kristian Tollefsen 0 0 0 -1 0 0 1 2 0 1 0/0 25:34 1:05 8:31
Ryan Hollweg 0 0 0 0 2 0 3 1 1 0 1/1 13:47 1:37 0:00
Steve Downie 0 1 1 -2 2 2 0 0 0 0 0/0 12:40 1:24 0:00
Todd White 1 0 1 1 2 1 1 1 1 0 0/0 10:49 0:00 2:47
3 Stars
1 - Anze Kopitar (LAK)
2 - Jason Arnott (LAK)
3 - Guillaume Latendresse (LAK)
Power Play
Kings - 1 on 9 Attempt(s) - 11,11%
Sabres - 1 on 3 Attempt(s) - 33,33%
Penalty Kill
Kings - 2 on 3 Attempt(s) - 66,67%
- Score 0 goal in Penalty Kill
Sabres - 8 on 9 Attempt(s) - 88,89%
- Score 0 goal in Penalty Kill
Official
Referees : Fraser Kerry and Auger Stephane
Linesman : Steve Miller and Mike Cvik
Game Notes
2:20 of 3rd period - Sabres goal is going for a video replay. After video review, Goal.
Finance
Level 1 -- Attendance: 4459 (74,32%) -- Ticket Income 401 310 $
Level 2 -- Attendance: 5000 (100,00%) -- Ticket Income 260 000 $
Level 3 -- Attendance: 1459 (72,95%) -- Ticket Income 46 688 $
Level 4 -- Attendance: 2702 (67,55%) -- Ticket Income 59 444 $
Luxury Box -- Attendance: 1000 (100,00%) -- Ticket Income 148 000 $
Game was played at the Duff Garden
Total Attendance: 14620 (81,22%)
Total Ticket Income: 915 442 $
Other Income: 137 316 $
Total Income: 1 052 758 $
Kings
5 vs 5 Forward
Center Left Wing Right Wing Time % Phy DF OF
1 Anze Kopitar Derek Boogaard Jonas Hoglund 40 1 2 2
2 Jason Arnott Guillaume Latendresse Patrick Kane 35 1 2 2
3 Derick Brassard Ryan Malone Antti Miettinen 20 1 2 2
4 Randy Robitaille Steve Regier Brian McGrattan 5 1 2 2
5 vs 5 Defense
Defense Defense Time % Phy DF OF
1 Sergei Gonchar Jay Bouwmeester 40 1 2 2
2 Danny Richmond Adrian Aucoin 35 1 2 2
3 Bryan McCabe Jeff Schultz 20 1 2 2
4 Sergei Gonchar Jay Bouwmeester 5 1 2 2
PowerPlay Forward
Center Left Wing Right Wing Time % Phy DF OF
1 Anze Kopitar Derek Boogaard Patrick Kane 60 1 2 2
2 Jason Arnott Guillaume Latendresse Jonas Hoglund 40 1 2 2
PowerPlay Defense
Defense Defense Time % Phy DF OF
1 Sergei Gonchar Jay Bouwmeester 60 1 2 2
2 Danny Richmond Adrian Aucoin 40 1 2 2
Penalty Kill 4 Players Forward
Center Wing Time % Phy DF OF
1 Jason Arnott Jonas Hoglund 60 1 2 2
2 Randy Robitaille Antti Miettinen 40 1 2 2
Penalty Kill 4 Players Defense
Defense Defense Time % Phy DF OF
1 Jeff Schultz Jay Bouwmeester 60 1 2 2
2 Danny Richmond Adrian Aucoin 40 1 2 2
Penalty Kill - 3 Players Forward
Forward Time % Phy DF OF
1 Anze Kopitar 60 1 2 2
2 Jason Arnott 40 1 2 2
Penalty Kill - 3 Players Defense
Defense Defense Time % Phy DF OF
1 Jeff Schultz Jay Bouwmeester 60 1 2 2
2 Danny Richmond Adrian Aucoin 40 1 2 2
4 vs 4 Forward
Center Wing Time % Phy DF OF
1 Anze Kopitar Jonas Hoglund 60 1 2 2
2 Jason Arnott Patrick Kane 40 1 2 2
4 vs 4 Defense
Defense Defense Time % Phy DF OF
1 Sergei Gonchar Jay Bouwmeester 60 1 2 2
2 Danny Richmond Adrian Aucoin 40 1 2 2
Last Minutes Offensive
Center Left Wing Right Wing Defense Defense
Anze Kopitar Guillaume Latendresse Patrick Kane Sergei Gonchar Jay Bouwmeester
Last Minutes Defensive
Center Left Wing Right Wing Defense Defense
Anze Kopitar Derek Boogaard Jonas Hoglund Sergei Gonchar Jay Bouwmeester
Goaltenders
Starting : Antti Niemi
Backup : Mike Brodeur
Extra Forwards
Normal : Antti Miettinen, Brian McGrattan, Steve Regier - PP : Antti Miettinen, Brian McGrattan - PK : Derek Boogaard
Extra Defensemen
Normal : Bryan McCabe, Jeff Schultz, Danny Richmond - PP : Bryan McCabe - PK : Jeff Schultz, Danny Richmond
Penalty Shots
Anze Kopitar, Guillaume Latendresse, Patrick Kane, Jason Arnott, Jay Bouwmeester
Sabres
5 vs 5 Forward
Center Left Wing Right Wing Time % Phy DF OF
1 Dominic Moore Ryan Hollweg Niclas Bergfors 35 1 3 1
2 Mike Fisher James Neal Steve Downie 35 1 3 1
3 Boyd Devereaux Daniel Cleary Nikolai Zherdev 20 1 3 1
4 Todd White Kyle Calder Darcy Tucker 10 2 3 0
5 vs 5 Defense
Defense Defense Time % Phy DF OF
1 Jason Smith Ole-Kristian Tollefsen 40 1 3 1
2 Johnny Boychuk Dennis Wideman 35 1 3 1
3 Ladislav Smid Nathan Paetsch 15 1 4 0
4 Jason Smith Ole-Kristian Tollefsen 10 1 1 3
PowerPlay Forward
Center Left Wing Right Wing Time % Phy DF OF
1 Mike Fisher Ryan Hollweg Niclas Bergfors 60 2 1 2
2 Dominic Moore James Neal Steve Downie 40 2 1 2
PowerPlay Defense
Defense Defense Time % Phy DF OF
1 Jason Smith Dennis Wideman 55 0 1 4
2 Johnny Boychuk Ole-Kristian Tollefsen 45 0 1 4
Penalty Kill 4 Players Forward
Center Wing Time % Phy DF OF
1 Dominic Moore Daniel Cleary 65 1 4 0
2 Boyd Devereaux Todd White 35 1 4 0
Penalty Kill 4 Players Defense
Defense Defense Time % Phy DF OF
1 Johnny Boychuk Ole-Kristian Tollefsen 55 1 3 1
2 Jason Smith Dennis Wideman 45 1 3 1
Penalty Kill - 3 Players Forward
Forward Time % Phy DF OF
1 Dominic Moore 60 0 5 0
2 Boyd Devereaux 40 0 5 0
Penalty Kill - 3 Players Defense
Defense Defense Time % Phy DF OF
1 Johnny Boychuk Ole-Kristian Tollefsen 55 1 4 0
2 Jason Smith Dennis Wideman 45 1 4 0
4 vs 4 Forward
Center Wing Time % Phy DF OF
1 Dominic Moore Niclas Bergfors 60 0 3 2
2 Boyd Devereaux Todd White 40 1 4 0
4 vs 4 Defense
Defense Defense Time % Phy DF OF
1 Johnny Boychuk Ole-Kristian Tollefsen 55 0 3 2
2 Jason Smith Dennis Wideman 45 0 3 2
Last Minutes Offensive
Center Left Wing Right Wing Defense Defense
Dominic Moore Ryan Hollweg Niclas Bergfors Ladislav Smid Dennis Wideman
Last Minutes Defensive
Center Left Wing Right Wing Defense Defense
Dominic Moore Daniel Cleary Boyd Devereaux Jason Smith Ole-Kristian Tollefsen
Goaltenders
Starting : Ty Conklin
Backup : Michal Neuvirth
Extra Forwards
Normal : Kyle Calder, Nikolai Zherdev, Todd White - PP : Kyle Calder, Nikolai Zherdev - PK : Mike Fisher
Extra Defensemen
Normal : Jason Smith, Ole-Kristian Tollefsen, Dennis Wideman - PP : Nathan Paetsch - PK : Ladislav Smid, Nathan Paetsch
Penalty Shots
Nikolai Zherdev, Niclas Bergfors, Dominic Moore, James Neal, Boyd Devereaux
% Time on Ice - Kings
Lines # - Real PCT - Wanted PCT - Time Play
Normal Forward
1 - 31% - 40% - 12:12
2 - 29% - 35% - 11:35
3 - 23% - 20% - 9:16
4 - 17% - 5% - 6:47
Normal Defense
1 - 41% - 40% - 16:23
2 - 33% - 35% - 13:10
3 - 25% - 20% - 9:55
4 - 1% - 5% - 0:22
PP Forward
1 - 56% - 60% - 8:28
2 - 44% - 40% - 6:34
PP Defense
1 - 60% - 60% - 9:02
2 - 40% - 40% - 6:00
PK Forward
1 - 71% - 60% - 2:10
2 - 29% - 40% - 0:52
PK Defense
1 - 73% - 60% - 2:12
2 - 27% - 40% - 0:50
PK3 Forward
1 - 0% - 60%
2 - 0% - 40%
PK3 Defense
1 - 0% - 60%
2 - 0% - 40%
44 Forward
1 - 75% - 60% - 1:18
2 - 25% - 40% - 0:26
44 Defense
1 - 58% - 60% - 1:00
2 - 42% - 40% - 0:44
Last Minute Offensive - 0:00
Last Minute Defensive - 0:22
Total
Forward - 60:00
Defense - 60:00
|
% Time on Ice - Sabres
Lines # - Real PCT - Wanted PCT - Time Play
Normal Forward
1 - 31% - 35% - 12:26
2 - 29% - 35% - 11:37
3 - 23% - 20% - 9:03
4 - 17% - 10% - 6:44
Normal Defense
1 - 34% - 40% - 13:43
2 - 36% - 35% - 14:23
3 - 28% - 15% - 11:01
4 - 2% - 10% - 0:43
PP Forward
1 - 53% - 60% - 1:37
2 - 47% - 40% - 1:25
PP Defense
1 - 64% - 55% - 1:57
2 - 36% - 45% - 1:05
PK Forward
1 - 80% - 65% - 12:02
2 - 20% - 35% - 3:00
PK Defense
1 - 57% - 55% - 8:31
2 - 43% - 45% - 6:31
PK3 Forward
1 - 0% - 60%
2 - 0% - 40%
PK3 Defense
1 - 0% - 55%
2 - 0% - 45%
44 Forward
1 - 100% - 60% - 1:44
2 - 0% - 40% - 0:00
44 Defense
1 - 59% - 55% - 1:01
2 - 41% - 45% - 0:43
Last Minute Offensive - 0:22
Last Minute Defensive - 0:00
Total
Forward - 60:00
Defense - 60:00
|
Play by Play
1st period
0:01 of 1st period - Dominic Moore wins face-off versus Anze Kopitar in neutral zone.
0:26 of 1st period - Jason Smith is hit by Jason Arnott and loses puck.
0:52 of 1st period - Off-side.
0:53 of 1st period - Randy Robitaille wins face-off versus Boyd Devereaux in neutral zone.
1:06 of 1st period - Wrist shot by Steve Regier.
1:06 of 1st period - Stopped by Ty Conklin with a rebound.
1:08 of 1st period - Slapshot by Jeff Schultz.
1:08 of 1st period - Shot Misses the Net.
1:20 of 1st period - Derek Boogaard is hit by Darcy Tucker and loses puck.
2:12 of 1st period - Wrist shot by Derick Brassard.
2:12 of 1st period - Shot Misses the Net.
2:14 of 1st period - Wrist shot by Ryan Malone.
2:14 of 1st period - Shot Misses the Net.
2:33 of 1st period - Nathan Paetsch is hit by Steve Regier.
3:11 of 1st period - Darcy Tucker is hit by Ryan Malone and loses puck.
3:47 of 1st period - Sergei Gonchar is hit by Daniel Cleary.
4:06 of 1st period - Icing by Nathan Paetsch.
4:07 of 1st period - Randy Robitaille wins face-off versus Daniel Cleary in Sabres zone.
4:11 of 1st period - Icing by Nathan Paetsch.
4:12 of 1st period - Boyd Devereaux wins face-off versus Jason Arnott in Sabres zone.
4:12 of 1st period - Boyd Devereaux is hit by Patrick Kane.
4:17 of 1st period - Minor Penalty to Jason Arnott for Elbowing.
4:18 of 1st period - Derek Boogaard wins face-off versus Niclas Bergfors in Kings zone.
4:27 of 1st period - Mike Fisher is hit by Jay Bouwmeester and loses puck.
4:34 of 1st period - Snap shot by Dennis Wideman.
4:34 of 1st period - Stopped by Antti Niemi without a rebound.
4:35 of 1st period - Dominic Moore wins face-off versus Derek Boogaard in Kings zone.
4:44 of 1st period - Wrist shot by Dennis Wideman.
4:44 of 1st period - Stopped by Antti Niemi without a rebound.
4:45 of 1st period - Derek Boogaard wins face-off versus Dominic Moore in Kings zone.
5:03 of 1st period - Wrist shot by Steve Downie.
5:03 of 1st period - Shot Misses the Net.
5:05 of 1st period - Slapshot by Dennis Wideman.
5:05 of 1st period - Goal by Dennis Wideman - Kings : 0 - Sabres : 1.
5:06 of 1st period - Dominic Moore wins face-off versus Anze Kopitar in neutral zone.
5:17 of 1st period - Snap shot by Jonas Hoglund.
5:17 of 1st period - Stopped by Ty Conklin with a rebound.
5:31 of 1st period - Jason Smith is hit by Sergei Gonchar.
6:08 of 1st period - Snap shot by Guillaume Latendresse.
6:08 of 1st period - Shot Misses the Net.
6:10 of 1st period - Wrist shot by Guillaume Latendresse.
6:10 of 1st period - Shot Misses the Net.
6:12 of 1st period - Wrist shot by Jason Arnott.
6:12 of 1st period - Deflect By Guillaume Latendresse.
6:12 of 1st period - Stopped by Ty Conklin with a rebound.
6:38 of 1st period - Wrist shot by Anze Kopitar.
6:38 of 1st period - Stopped by Ty Conklin with a rebound.
6:44 of 1st period - Wrist shot by Jonas Hoglund.
6:44 of 1st period - Deflect By Derek Boogaard.
6:44 of 1st period - Shot Misses the Net.
6:44 of 1st period - Puck is out of play.
6:45 of 1st period - Derick Brassard wins face-off versus Mike Fisher in Sabres zone.
6:56 of 1st period - Snap shot by Bryan McCabe.
6:56 of 1st period - Shot Blocked by Ole-Kristian Tollefsen.
7:16 of 1st period - Off-side.
7:17 of 1st period - Boyd Devereaux wins face-off versus Anze Kopitar in neutral zone.
7:26 of 1st period - Daniel Cleary is hit by Derek Boogaard and loses puck.
7:47 of 1st period - Snap shot by Steve Regier.
7:47 of 1st period - Shot Misses the Net.
7:48 of 1st period - Minor Penalty to Randy Robitaille for Roughing.
7:49 of 1st period - Mike Fisher wins face-off versus Jason Arnott in Kings zone.
7:50 of 1st period - Wrist shot by Niclas Bergfors.
7:50 of 1st period - Shot Misses the Net.
8:33 of 1st period - Danny Richmond is hit by Mike Fisher and loses puck.
9:26 of 1st period - Antti Miettinen is hit by Dominic Moore and loses puck.
9:48 of 1st period - Penalty to Randy Robitaille is over, Randy Robitaille is back on ice.
9:58 of 1st period - Snap shot by Daniel Cleary.
9:58 of 1st period - Stopped by Antti Niemi without a rebound.
9:59 of 1st period - Brian McGrattan wins face-off versus Boyd Devereaux in Kings zone.
10:38 of 1st period - Minor Penalty to Todd White for High sticking.
10:39 of 1st period - Dominic Moore wins face-off versus Anze Kopitar in Sabres zone.
10:54 of 1st period - Snap shot by Patrick Kane.
10:54 of 1st period - Deflect By Anze Kopitar.
10:54 of 1st period - Shot Blocked by Ole-Kristian Tollefsen.
10:54 of 1st period - Puck is out of play.
10:55 of 1st period - Daniel Cleary wins face-off versus Anze Kopitar in Sabres zone.
11:58 of 1st period - Jay Bouwmeester is hit by Dennis Wideman and loses puck.
12:38 of 1st period - Penalty to Todd White is over, Todd White is back on ice.
14:16 of 1st period - Jonas Hoglund is hit by Kyle Calder.
14:20 of 1st period - Anze Kopitar is hit by Todd White and loses puck.
14:31 of 1st period - Ryan Hollweg is hit by Ryan Malone and loses puck.
14:44 of 1st period - Adrian Aucoin is hit by James Neal and loses puck.
15:01 of 1st period - Slapshot by Nikolai Zherdev.
15:01 of 1st period - Stopped by Antti Niemi with a rebound.
15:13 of 1st period - Ryan Malone is hit by Jason Smith and loses puck.
15:18 of 1st period - Slapshot by Kyle Calder.
15:18 of 1st period - Stopped by Antti Niemi with a rebound.
15:28 of 1st period - Ryan Hollweg is hit by Steve Regier and loses puck.
15:33 of 1st period - Slapshot by Danny Richmond.
15:33 of 1st period - Shot Blocked by Niclas Bergfors.
16:53 of 1st period - Wrist shot by Patrick Kane.
16:53 of 1st period - Stopped by Ty Conklin with a rebound.
17:19 of 1st period - Snap shot by James Neal.
17:19 of 1st period - Shot Blocked by Derek Boogaard.
17:21 of 1st period - Slapshot by Mike Fisher.
17:21 of 1st period - Shot Misses the Net.
17:23 of 1st period - Wrist shot by Steve Downie.
17:23 of 1st period - Stopped by Antti Niemi without a rebound.
17:24 of 1st period - Jason Arnott wins face-off versus Dominic Moore in Kings zone.
17:24 of 1st period - Jason Arnott is hit by Ryan Hollweg.
18:14 of 1st period - Nikolai Zherdev is hit by Jay Bouwmeester and loses puck.
18:35 of 1st period - Snap shot by Brian McGrattan.
18:35 of 1st period - Stopped by Ty Conklin without a rebound.
18:36 of 1st period - Jonas Hoglund wins face-off versus Mike Fisher in Sabres zone.
19:40 of 1st period - Kyle Calder is hit by Danny Richmond and loses puck.
19:45 of 1st period - Snap shot by Ryan Malone.
19:45 of 1st period - Stopped by Ty Conklin without a rebound.
19:46 of 1st period - Dominic Moore wins face-off versus Jason Arnott in Sabres zone.
19:59 of 1st period - Wrist shot by Dominic Moore.
19:59 of 1st period - Shot Blocked by Sergei Gonchar.
2nd period
0:01 of 2nd period - Anze Kopitar wins face-off versus Mike Fisher in neutral zone.
0:08 of 2nd period - Wrist shot by Anze Kopitar.
0:08 of 2nd period - Shot Misses the Net.
0:25 of 2nd period - Jay Bouwmeester is hit by Ryan Hollweg and loses puck.
1:11 of 2nd period - Wrist shot by Kyle Calder.
1:11 of 2nd period - Shot Blocked by Danny Richmond.
1:13 of 2nd period - Backhand shot by Dennis Wideman.
1:13 of 2nd period - Stopped by Antti Niemi with a rebound.
1:15 of 2nd period - Backhand shot by Darcy Tucker.
1:15 of 2nd period - Stopped by Antti Niemi without a rebound.
1:16 of 2nd period - Jason Arnott wins face-off versus Mike Fisher in Kings zone.
1:25 of 2nd period - Dennis Wideman is hit by Jason Arnott and loses puck.
1:32 of 2nd period - Snap shot by Patrick Kane.
1:32 of 2nd period - Stopped by Ty Conklin without a rebound.
1:33 of 2nd period - Anze Kopitar wins face-off versus Dominic Moore in Sabres zone.
1:38 of 2nd period - Snap shot by Jonas Hoglund.
1:38 of 2nd period - Stopped by Ty Conklin without a rebound.
1:39 of 2nd period - Dominic Moore wins face-off versus Anze Kopitar in Sabres zone.
2:06 of 2nd period - Snap shot by Patrick Kane.
2:06 of 2nd period - Shot Misses the Net.
2:08 of 2nd period - Snap shot by Jason Arnott.
2:08 of 2nd period - Goal by Jason Arnott - Kings : 1 - Sabres : 1.
2:09 of 2nd period - Mike Fisher wins face-off versus Derek Boogaard in neutral zone.
2:53 of 2nd period - Slapshot by Sergei Gonchar.
2:53 of 2nd period - Deflect By Antti Miettinen.
2:53 of 2nd period - Shot Blocked by Nikolai Zherdev.
2:53 of 2nd period - Puck is out of play.
2:54 of 2nd period - Derick Brassard wins face-off versus Daniel Cleary in Sabres zone.
3:03 of 2nd period - Backhand shot by Nikolai Zherdev.
3:03 of 2nd period - Shot Misses the Net.
3:09 of 2nd period - Wrist shot by Daniel Cleary.
3:09 of 2nd period - Shot Misses the Net.
3:16 of 2nd period - Icing by Danny Richmond.
3:17 of 2nd period - Derick Brassard wins face-off versus Mike Fisher in Kings zone.
3:17 of 2nd period - Derick Brassard is hit by Mike Fisher.
3:27 of 2nd period - Wrist shot by Jonas Hoglund.
3:27 of 2nd period - Deflect By Anze Kopitar.
3:27 of 2nd period - Stopped by Ty Conklin without a rebound.
3:28 of 2nd period - Dominic Moore wins face-off versus Anze Kopitar in Sabres zone.
3:59 of 2nd period - Dennis Wideman is hit by Guillaume Latendresse and loses puck.
4:02 of 2nd period - Slapshot by Johnny Boychuk.
4:02 of 2nd period - Shot Blocked by Sergei Gonchar.
4:04 of 2nd period - Wrist shot by Mike Fisher.
4:04 of 2nd period - Stopped by Antti Niemi with a rebound.
4:20 of 2nd period - Wrist shot by Derick Brassard.
4:20 of 2nd period - Deflect By Antti Miettinen.
4:20 of 2nd period - Stopped by Ty Conklin with a rebound.
4:44 of 2nd period - Wrist shot by Randy Robitaille.
4:44 of 2nd period - Stopped by Ty Conklin without a rebound.
4:45 of 2nd period - Dominic Moore wins face-off versus Anze Kopitar in Sabres zone.
5:17 of 2nd period - Slapshot by Mike Fisher.
5:17 of 2nd period - Shot Misses the Net.
5:31 of 2nd period - Slapshot by Nikolai Zherdev.
5:31 of 2nd period - Shot Misses the Net.
5:51 of 2nd period - Snap shot by Ryan Malone.
5:51 of 2nd period - Shot Misses the Net.
5:53 of 2nd period - Backhand shot by Jeff Schultz.
5:53 of 2nd period - Shot Blocked by Todd White.
5:55 of 2nd period - Slapshot by Anze Kopitar.
5:55 of 2nd period - Deflect By Jonas Hoglund.
5:55 of 2nd period - Shot Misses the Net.
5:55 of 2nd period - Puck is out of play.
5:56 of 2nd period - Dominic Moore wins face-off versus Anze Kopitar in Sabres zone.
6:03 of 2nd period - Snap shot by Adrian Aucoin.
6:03 of 2nd period - Shot Blocked by Ryan Hollweg.
6:21 of 2nd period - Snap shot by Jason Arnott.
6:21 of 2nd period - Stopped by Ty Conklin with a rebound.
6:38 of 2nd period - Minor Penalty to Nikolai Zherdev for High sticking.
6:39 of 2nd period - Anze Kopitar wins face-off versus Dominic Moore in Sabres zone.
6:42 of 2nd period - Snap shot by Patrick Kane.
6:42 of 2nd period - Shot Misses the Net.
7:27 of 2nd period - Mike Fisher is hit by Sergei Gonchar and loses puck.
8:38 of 2nd period - Penalty to Nikolai Zherdev is over, Nikolai Zherdev is back on ice.
9:48 of 2nd period - Derek Boogaard is hit by Nathan Paetsch and loses puck.
10:20 of 2nd period - Snap shot by Dominic Moore.
10:20 of 2nd period - Shot Misses the Net.
10:22 of 2nd period - Slapshot by Johnny Boychuk.
10:22 of 2nd period - Stopped by Antti Niemi without a rebound.
10:23 of 2nd period - Derick Brassard wins face-off versus Dominic Moore in Kings zone.
10:36 of 2nd period - Ryan Hollweg is hit by Derick Brassard and loses puck.
10:47 of 2nd period - Danny Richmond is hit by Nathan Paetsch and loses puck.
11:33 of 2nd period - Snap shot by Steve Regier.
11:33 of 2nd period - Stopped by Ty Conklin without a rebound.
11:34 of 2nd period - Ryan Hollweg wins face-off versus Anze Kopitar in Sabres zone.
11:34 of 2nd period - Ryan Hollweg is hit by Anze Kopitar.
11:42 of 2nd period - Wrist shot by Anze Kopitar.
11:42 of 2nd period - Stopped by Ty Conklin without a rebound.
11:43 of 2nd period - Dominic Moore wins face-off versus Anze Kopitar in Sabres zone.
11:43 of 2nd period - Dominic Moore is hit by Derek Boogaard.
12:18 of 2nd period - Snap shot by Dominic Moore.
12:18 of 2nd period - Stopped by Antti Niemi without a rebound.
12:19 of 2nd period - Mike Fisher wins face-off versus Jason Arnott in Kings zone.
12:41 of 2nd period - Icing by Guillaume Latendresse.
12:42 of 2nd period - Jason Arnott wins face-off versus Boyd Devereaux in Kings zone.
13:07 of 2nd period - Guillaume Latendresse is hit by Jason Smith and loses puck.
13:58 of 2nd period - Wrist shot by Kyle Calder.
13:58 of 2nd period - Shot Misses the Net.
14:00 of 2nd period - Backhand shot by Johnny Boychuk.
14:00 of 2nd period - Stopped by Antti Niemi with a rebound.
14:10 of 2nd period - Bryan McCabe is hit by Johnny Boychuk and loses puck.
14:39 of 2nd period - Snap shot by Guillaume Latendresse.
14:39 of 2nd period - Stopped by Ty Conklin without a rebound.
14:40 of 2nd period - Dominic Moore wins face-off versus Patrick Kane in Sabres zone.
14:45 of 2nd period - Guillaume Latendresse is hit by Niclas Bergfors and loses puck.
15:06 of 2nd period - James Neal is hit by Jonas Hoglund.
16:13 of 2nd period - Slapshot by Dominic Moore.
16:13 of 2nd period - Shot Blocked by Danny Richmond.
16:15 of 2nd period - Slapshot by Johnny Boychuk.
16:15 of 2nd period - Shot Misses the Net.
16:17 of 2nd period - Wrist shot by Niclas Bergfors.
16:17 of 2nd period - Stopped by Antti Niemi without a rebound.
16:18 of 2nd period - Mike Fisher wins face-off versus Anze Kopitar in Kings zone.
16:31 of 2nd period - Slapshot by Anze Kopitar.
16:31 of 2nd period - Goal by Anze Kopitar - Kings : 2 - Sabres : 1.
16:32 of 2nd period - Anze Kopitar wins face-off versus Mike Fisher in neutral zone.
17:32 of 2nd period - Snap shot by Randy Robitaille.
17:32 of 2nd period - Shot Misses the Net.
17:50 of 2nd period - Wrist shot by Steve Downie.
17:50 of 2nd period - Stopped by Antti Niemi with a rebound.
17:52 of 2nd period - Slapshot by Johnny Boychuk.
17:52 of 2nd period - Stopped by Antti Niemi with a rebound.
18:08 of 2nd period - Snap shot by Jason Smith.
18:08 of 2nd period - Shot Misses the Net.
18:22 of 2nd period - Slapshot by Jonas Hoglund.
18:22 of 2nd period - Stopped by Ty Conklin without a rebound.
18:23 of 2nd period - Dominic Moore wins face-off versus Jason Arnott in Sabres zone.
18:40 of 2nd period - Jay Bouwmeester is hit by Ladislav Smid and loses puck.
18:47 of 2nd period - Nathan Paetsch is hit by Jason Arnott and loses puck.
18:55 of 2nd period - Minor Penalty to Niclas Bergfors for Holding.
18:56 of 2nd period - Anze Kopitar wins face-off versus Dominic Moore in Sabres zone.
19:43 of 2nd period - Slapshot by James Neal.
19:43 of 2nd period - Stopped by Antti Niemi with a rebound.
3rd period
0:01 of 3rd period - Anze Kopitar wins face-off versus Dominic Moore in neutral zone.
0:50 of 3rd period - Icing by Danny Richmond.
0:51 of 3rd period - Boyd Devereaux wins face-off versus Anze Kopitar in Kings zone.
0:54 of 3rd period - Wrist shot by Jason Smith.
0:54 of 3rd period - Shot Blocked by Adrian Aucoin.
0:55 of 3rd period - Penalty to Niclas Bergfors is over, Niclas Bergfors is back on ice.
1:10 of 3rd period - Snap shot by Jason Smith.
1:10 of 3rd period - Stopped by Antti Niemi with a rebound.
1:16 of 3rd period - Slapshot by Ryan Malone.
1:16 of 3rd period - Stopped by Ty Conklin with a rebound.
1:36 of 3rd period - Wrist shot by Dominic Moore.
1:36 of 3rd period - Shot Blocked by Jay Bouwmeester.
1:51 of 3rd period - Nathan Paetsch is hit by Anze Kopitar and loses puck.
1:58 of 3rd period - Slapshot by Jonas Hoglund.
1:58 of 3rd period - Shot Blocked by Boyd Devereaux.
2:10 of 3rd period - Wrist shot by Nikolai Zherdev.
2:10 of 3rd period - Shot Misses the Net.
2:12 of 3rd period - Snap shot by Darcy Tucker.
2:12 of 3rd period - Shot Misses the Net.
2:14 of 3rd period - Slapshot by Ladislav Smid.
2:14 of 3rd period - Stopped by Antti Niemi with a rebound.
2:16 of 3rd period - Snap shot by Kyle Calder.
2:16 of 3rd period - Shot Misses the Net.
2:18 of 3rd period - Slapshot by Nathan Paetsch.
2:18 of 3rd period - Shot Blocked by Brian McGrattan.
2:20 of 3rd period - Wrist shot by Todd White.
2:20 of 3rd period - Sabres goal is going for a video replay.
2:20 of 3rd period - The goal is good.
2:20 of 3rd period - Goal by Todd White - Kings : 2 - Sabres : 2.
2:21 of 3rd period - Anze Kopitar wins face-off versus Mike Fisher in neutral zone.
2:34 of 3rd period - Wrist shot by Anze Kopitar.
2:34 of 3rd period - Stopped by Ty Conklin with a rebound.
2:57 of 3rd period - Slapshot by Jason Arnott.
2:57 of 3rd period - Shot Misses the Net.
2:59 of 3rd period - Slapshot by Adrian Aucoin.
2:59 of 3rd period - Shot Misses the Net.
3:13 of 3rd period - Randy Robitaille is hit by Ryan Hollweg and loses puck.
3:41 of 3rd period - Icing by Antti Miettinen.
3:42 of 3rd period - Mike Fisher wins face-off versus Ryan Malone in Kings zone.
3:46 of 3rd period - Minor Penalty to Steve Downie for Slashing.
3:47 of 3rd period - Anze Kopitar wins face-off versus Dominic Moore in Sabres zone.
4:54 of 3rd period - Todd White is hit by Adrian Aucoin and loses puck.
5:23 of 3rd period - Ole-Kristian Tollefsen is hit by Jay Bouwmeester and loses puck.
5:46 of 3rd period - Penalty to Steve Downie is over, Steve Downie is back on ice.
6:21 of 3rd period - Off-side.
6:22 of 3rd period - Mike Fisher wins face-off versus Jason Arnott in neutral zone.
6:36 of 3rd period - Slapshot by James Neal.
6:36 of 3rd period - Shot Misses the Net.
6:37 of 3rd period - Minor Penalty to Danny Richmond for Tripping.
6:38 of 3rd period - Jason Arnott wins face-off versus Mike Fisher in Kings zone.
6:52 of 3rd period - Minor Penalty to Niclas Bergfors for Boarding.
6:53 of 3rd period - Anze Kopitar wins face-off versus Dominic Moore in Sabres zone.
7:34 of 3rd period - Wrist shot by Patrick Kane.
7:34 of 3rd period - Deflect By Jason Arnott.
7:34 of 3rd period - Shot Misses the Net.
7:34 of 3rd period - Puck is out of play.
7:35 of 3rd period - Jason Arnott wins face-off versus Nikolai Zherdev in Sabres zone.
7:48 of 3rd period - Bryan McCabe is hit by Nikolai Zherdev and loses puck.
8:25 of 3rd period - Jay Bouwmeester is hit by Ole-Kristian Tollefsen and loses puck.
8:37 of 3rd period - Penalty to Danny Richmond is over, Danny Richmond is back on ice.
8:52 of 3rd period - Penalty to Niclas Bergfors is over, Niclas Bergfors is back on ice.
8:52 of 3rd period - Slapshot by Derek Boogaard.
8:52 of 3rd period - Stopped by Ty Conklin without a rebound.
8:53 of 3rd period - Boyd Devereaux wins face-off versus Jason Arnott in Sabres zone.
8:53 of 3rd period - Boyd Devereaux is hit by Jason Arnott.
9:03 of 3rd period - Wrist shot by Guillaume Latendresse.
9:03 of 3rd period - Deflect By Nikolai Zherdev.
9:03 of 3rd period - Stopped by Ty Conklin with a rebound.
9:05 of 3rd period - Wrist shot by Patrick Kane.
9:05 of 3rd period - Stopped by Ty Conklin without a rebound.
9:05 of 3rd period - Minor Penalty to Nikolai Zherdev for High sticking.
9:06 of 3rd period - Anze Kopitar wins face-off versus Dominic Moore in Sabres zone.
9:19 of 3rd period - Backhand shot by Sergei Gonchar.
9:19 of 3rd period - Deflect By Ole-Kristian Tollefsen.
9:19 of 3rd period - Stopped by Ty Conklin with a rebound.
9:21 of 3rd period - Slapshot by Sergei Gonchar.
9:21 of 3rd period - Shot Blocked by Johnny Boychuk.
9:31 of 3rd period - Jay Bouwmeester is hit by Daniel Cleary and loses puck.
11:05 of 3rd period - Penalty to Nikolai Zherdev is over, Nikolai Zherdev is back on ice.
11:18 of 3rd period - Minor Penalty to Darcy Tucker for Interference.
11:19 of 3rd period - Dominic Moore wins face-off versus Anze Kopitar in Sabres zone.
11:30 of 3rd period - Wrist shot by Derek Boogaard.
11:30 of 3rd period - Stopped by Ty Conklin with a rebound.
11:42 of 3rd period - Sergei Gonchar is hit by Dominic Moore and loses puck.
13:18 of 3rd period - Penalty to Darcy Tucker is over, Darcy Tucker is back on ice.
13:51 of 3rd period - Minor Penalty to Ryan Hollweg for Tripping.
13:52 of 3rd period - Dominic Moore wins face-off versus Anze Kopitar in Sabres zone.
14:14 of 3rd period - Off-side.
14:15 of 3rd period - Boyd Devereaux wins face-off versus Anze Kopitar in neutral zone.
15:09 of 3rd period - Boyd Devereaux is hit by Patrick Kane and loses puck.
15:51 of 3rd period - Penalty to Ryan Hollweg is over, Ryan Hollweg is back on ice.
16:02 of 3rd period - Slapshot by Mike Fisher.
16:02 of 3rd period - Shot Misses the Net.
16:04 of 3rd period - Snap shot by Ladislav Smid.
16:04 of 3rd period - Deflect By James Neal.
16:04 of 3rd period - Shot Misses the Net.
16:04 of 3rd period - Puck is out of play.
16:05 of 3rd period - Derick Brassard wins face-off versus Mike Fisher in Kings zone.
16:12 of 3rd period - Jeff Schultz is hit by Nathan Paetsch and loses puck.
16:27 of 3rd period - Wrist shot by Niclas Bergfors.
16:27 of 3rd period - Stopped by Antti Niemi with a rebound.
16:29 of 3rd period - Snap shot by Niclas Bergfors.
16:29 of 3rd period - Shot Blocked by Derick Brassard.
16:59 of 3rd period - Jonas Hoglund is hit by James Neal and loses puck.
17:16 of 3rd period - Jason Arnott is hit by Boyd Devereaux and loses puck.
17:31 of 3rd period - Snap shot by Steve Regier.
17:31 of 3rd period - Deflect By Randy Robitaille.
17:31 of 3rd period - Shot Misses the Net.
17:31 of 3rd period - Puck is out of play.
17:32 of 3rd period - Dominic Moore wins face-off versus Randy Robitaille in Sabres zone.
17:54 of 3rd period - Snap shot by Ryan Hollweg.
17:54 of 3rd period - Deflect By Dominic Moore.
17:54 of 3rd period - Shot Blocked by Randy Robitaille.
17:54 of 3rd period - Puck is out of play.
17:55 of 3rd period - Derick Brassard wins face-off versus Boyd Devereaux in Kings zone.
18:25 of 3rd period - Anze Kopitar is hit by Mike Fisher and loses puck.
18:43 of 3rd period - Minor Penalty to Dominic Moore for Slashing.
18:44 of 3rd period - Mike Fisher wins face-off versus Patrick Kane in Sabres zone.
19:09 of 3rd period - Daniel Cleary is hit by Jay Bouwmeester and loses puck.
19:16 of 3rd period - Snap shot by Adrian Aucoin.
19:16 of 3rd period - Shot Blocked by Mike Fisher.
19:18 of 3rd period - Snap shot by Jonas Hoglund.
19:18 of 3rd period - Stopped by Ty Conklin without a rebound.
19:19 of 3rd period - Boyd Devereaux wins face-off versus Anze Kopitar in Sabres zone.
19:37 of 3rd period - Backhand shot by Guillaume Latendresse.
19:37 of 3rd period - Goal by Guillaume Latendresse - Kings : 3 - Sabres : 2.
19:38 of 3rd period - Jonas Hoglund wins face-off versus Dominic Moore in neutral zone.
19:45 of 3rd period - Sabres, Ty Conklin is pulled from the net.
19:51 of 3rd period - Slapshot by Niclas Bergfors.
19:51 of 3rd period - Deflect By Dominic Moore.
19:51 of 3rd period - Stopped by Antti Niemi with a rebound.
19:53 of 3rd period - Wrist shot by Dominic Moore.
19:53 of 3rd period - Stopped by Antti Niemi with a rebound.
19:55 of 3rd period - Wrist shot by Ladislav Smid.
19:55 of 3rd period - Deflect By Dominic Moore.
19:55 of 3rd period - Stopped by Antti Niemi without a rebound.
19:56 of 3rd period - Ted Nolan call a timeout for Sabres.
19:56 of 3rd period - Anze Kopitar wins face-off versus Dominic Moore in Kings zone.
Output by the SimonT Hockey Simulator (STHS) for François Prévost -- Original Page W3C XHTML 1.0 Valid